 Dungeon Crawl Stone Soup version 0.23-a0-373-g305c090 (webtiles) character file.

133 JeffiDaFish the Sneak (level 4, -1/21 HPs)
             Began as a Spriggan Enchanter on Oct 26, 2018.
             Slain by an orc
             ... wielding a +0 flail
              (9 damage)
             ... on level 3 of the Dungeon.
             The game lasted 00:08:33 (3401 turns).

JeffiDaFish the Sneak (Spriggan Enchanter)          Turns: 3401, Time: 00:08:33

Health: -1/21      AC:  2    Str:  1 (4)  XL:     4   Next: 94%
Magic:  5/11       EV: 19    Int: 14 (17) God:
Gold:   113        SH:  0    Dex: 15 (16) Spells: 8/11 levels left

rFire    . . .     SeeInvis +   a - +1 dagger
rCold    . . .     Gourm    .   (shield restricted)
rNeg     . . .     Faith    .   b - +0 robe
rPois    .         Spirit   .   (helmet restricted)
rElec    .         Reflect  .   (no cloak)
rCorr    .         Harm     .   (gloves unavailable)
MR       .....                  (boots unavailable)
Stlth    +++.......             (no amulet)
HPRegen  0.07/turn              (no ring)
MPRegen  0.12/turn              (no ring)

@: very quick
A: very small, unfitting armour, see invisible, herbivore, speed 3, slow
metabolism 2
a: no special abilities


You were on level 3 of the Dungeon.
You were hungry.

You visited 1 branch of the dungeon, and saw 3 of its levels.

You collected 113 gold pieces.

Inventory:

Hand Weapons
 a - a +1 dagger (weapon)
Armour
 b - a +0 robe (worn)
Scrolls
 c - 2 scrolls of teleportation
 e - 7 scrolls of identify


   Skills:
 + Level 2.1 Short Blades
 + Level 4.1 Dodging
 + Level 5.2 Stealth
 * Level 4.0 Spellcasting
 * Level 4.7 Hexes


You had 8 spell levels left.
You knew the following spells:

 Your Spells              Type           Power        Failure   Level  Hunger
a - Corona                Hex            ###....      2%          1    None
b - Ensorcelled Hibernat  Hex/Ice        #.....       11%         2    ##.....

Your spell library contained the following spells:

 Spells                   Type           Power        Failure   Level  Hunger
 Confuse                  Hex            ###.....     9%          3    ###....
 Tukima's Dance           Hex            ###.....     9%          3    ###....
 Dazzling Spray           Conj/Hex       #.....       22%         3    ###....


Dungeon Overview and Level Annotations

Branches:
Dungeon (3/15)

Altars:
Okawaru


Innate Abilities, Weirdness & Mutations

You are very small and have problems with some larger weapons.
You are too small for most types of armour.
You have supernaturally acute eyesight. (SInv)
You are a herbivore.
You cover ground extremely quickly.
You need to consume almost no food.


Message History

The orc resists with significant effort.
You hit the orc but do no damage. The orc closely misses you.
You hit the orc.
The orc is heavily wounded.
The orc closely misses you.
You barely miss the orc.
The orc is heavily wounded.
The orc completely misses you.
You hit the orc.
The orc is heavily wounded.
You hit the orc but do no damage.
The orc is heavily wounded.
The orc misses you.
You hit the orc but do no damage.
The orc is heavily wounded.
The orc misses you.
You hit the orc but do no damage.
The orc is heavily wounded.
The orc hits you with a +0 flail!
You die...

###
#.##############
#.............<#
#.##############
#.# #@# #o# #K#
#.# #)# #.# #.#
..####.#######..
.........>.......


You could see an orc and a kobold.

Vanquished Creatures
  Terence (D:2)
  3 adders (D:2)
  A gnoll (D:2)
  An ooze (D:2)
  3 dart slugs (D:2)
  2 leopard geckos (D:2)
  2 orcs (D:3)
  6 bats
  2 giant cockroaches (D:2)
  8 goblins
  4 hobgoblins
  6 jackals
  5 kobolds
  2 quokkas (D:2)
  3 ball pythons
  3 frilled lizards
  5 rats (D:2)
57 creatures vanquished.

Notes
Turn   | Place    | Note
-------+----------+-------------------------------------------
     0 | D:1      | JeffiDaFish the Spriggan Enchanter began the quest for the
                  | Orb.
     0 | D:1      | Reached XP level 1. HP: 9/9 MP: 5/5
   565 | D:1      | Reached XP level 2. HP: 13/13 MP: 6/6
   697 | D:1      | Learned a level 2 spell: Ensorcelled Hibernation
  1572 | D:2      | Reached XP level 3. HP: 16/16 MP: 8/8
  2065 | D:2      | Reached XP level 4. HP: 21/21 MP: 10/10
  2209 | D:2      | Noticed Terence
  2219 | D:2      | Killed Terence
  2219 | D:2      | Reached skill level 5 in Stealth
  2570 | D:2      | Found an iron altar of Okawaru.
  2806 | D:2      | HP: 1/21 [kobold (3)]
  3401 | D:3      | Slain by an orc

Vault maps used:
D:1:      lightli_arrival_maybe_door_vault
D:2:      lemuel_upstairs_altar, okawaru_altar_gauntlet_db, uniq_terence
D:3:      chequers_ecumenical_altar_grove, serial_curves, eino_curves_02,
          eino_curves_04, first_ration, minmay_misc_feat_pillars

Skill      XL: |  1  2  3  4 |
---------------+-------------+-----
Spellcasting   | 3 4 |  4.0
Hexes          | 4 |  4.7
Stealth        | 5 |  5.2
Short Blades   | 2 |  2.1
Dodging        | 4 |  4.1

Action                   |  1- 3 |  4- 6 || total
-------------------------+-------+-------++-------
Melee: Dagger            |   124 |    94 ||   218
 Cast: Corona            |     8 |     3 ||    11
       Ensorcelled Hiber |    19 |    24 ||    43
  Use: Scroll            |     4 |       ||     4
       Potion            |     2 |     3 ||     5
 Stab: Sleeping          |    27 |    13 ||    40
       Distracted        |     1 |       ||     1
  Eat: Ration            |       |     1 ||     1
Armor: Robe              |     8 |     5 ||    13
Dodge: Dodged            |    95 |   113 ||   208

Table legend:
 A = Non-vault XP
 B = Vault XP
 C = Vault XP percentage of total XP
 D = Non-vault monster count
 E = Vault monster count
 F = Vault count percentage of total count
                 A         B        C        D         E       F
            +---------+---------+-------+---------+---------+-------
      Total |     136 |      55 |  28.8 |      50 |       7 |  12.3
            +---------+---------+-------+---------+---------+-------
        D:1 |      34 |       0 |   0.0 |      18 |       0 |   0.0
        D:2 |      96 |      55 |  36.4 |      30 |       7 |  18.9
        D:3 |       6 |       0 |   0.0 |       2 |       0 |   0.0
            +---------+---------+-------+---------+---------+-------
